 Dungeon Crawl Stone Soup version 0.24-a0-279-ga7546fe674 (webtiles) character file.

Game seed: 3201313383897932510

453 HAL9000 the Covert (level 7, 0/30 HPs)
             Began as a Vine Stalker Assassin on May 1, 2019.
             Succumbed to a scorpion's poison
             ... on level 4 of the Dungeon.
             The game lasted 00:05:32 (3360 turns).

HAL9000 the Covert (Vine Stalker Assassin)          Turns: 3360, Time: 00:05:33

Health: 0/30       AC:  4    Str: 13 (15) XL:     7   Next: 5%
Magic:  1/8        EV: 11    Int: 10 (12) God:
Gold:   259        SH:  3    Dex: 15 (17) Spells: 6/6 levels left

rFire    . . .     SeeInvis .   a - +2 dagger
rCold    . . .     Gourm    .   w - +0 buckler
rNeg     . . .     Faith    .   c - +0 robe
rPois    .         Spirit   +   (no helmet)
rElec    .         Reflect  .   d - +0 cloak
rCorr    .         Harm     .   j - +0 pair of gloves
MR       .....                  (no boots)
Stlth    ++++......             (no amulet)
HPRegen  0.50/turn              (no ring)
MPRegen  0.11/turn              (no ring)

@: lethally poisoned (0 -> -8), flying
A: fangs 2, agile 1, frail 1, regeneration 1, magic shield, antimagic bite, no
potion heal 3, rot immunity
a: no special abilities


You were on level 4 of the Dungeon.
You were not hungry.

You visited 1 branch of the dungeon, and saw 4 of its levels.

You collected 259 gold pieces.

Inventory:

Hand Weapons
 a - a +2 dagger (weapon)
 b - a +0 blowgun
Missiles
 e - 8 poisoned needles
 f - 2 curare-tipped needles
 s - 3 tomahawks (quivered)
Armour
 c - a +0 robe (worn)
 d - a +0 cloak (worn)
 j - a +0 pair of gloves (worn)
 w - a +0 buckler (worn)
Jewellery
 p - an uncursed ring of ice
 q - a cursed ring of teleportation {unknown}
Scrolls
 h - 2 scrolls of identify {unknown}
 i - 3 scrolls of immolation {unknown}
 k - 3 scrolls of teleportation {unknown}
 l - a scroll of noise {unknown}
 m - 2 scrolls of remove curse {unknown}
 o - a scroll of fog {unknown}
Potions
 t - a potion of agility
Comestibles
 g - 5 rations
 r - 4 chunks of flesh


   Skills:
 - Level 1.7 Fighting
 + Level 3.6 Short Blades
 - Level 1.7 Throwing
 - Level 0.7 Dodging
 + Level 9.3 Stealth


You had 6 spell levels left.
You didn't know any spells.
Your spell library was empty.

Dungeon Overview and Level Annotations

Branches:
Dungeon (4/15)
 Temple: D:4-7

Altars:


Innate Abilities, Weirdness & Mutations

You have extremely sharp teeth.
Your natural rate of healing is unusually fast.
When hurt, damage is shared between your health and your magic reserves.
Your bite disrupts and absorbs the magic of your enemies.
Potions cannot restore your health.
You are immune to rotting.
You are agile. (Dex +2)
You are frail. (-10% HP)


Message History

You feel weakened.
You feel dopey.
You feel clumsy.
* * * LOW HITPOINT WARNING * * *
You feel sick.
The scorpion stings you but does no damage.
Unknown command.
It was a potion of mutation.
You feel extremely strange.
You feel weaker.
You feel stronger.
You feel frail.
You feel agile.
* * * LOW HITPOINT WARNING * * *
You feel sick.
The scorpion stings you but does no damage.
Unknown command.
It was a potion of flight.
You feel very buoyant.
You fly up into the air.
* * * LOW HITPOINT WARNING * * *
You feel sick. The scorpion stings you.
You hit the scorpion but do no damage.
You bite the scorpion, but do no damage.
The scorpion is severely wounded.
You die...

#.# ######## #.# #....... ##
###.# #.###### .. +.#.# #.#
.. #.#.# #.# .. #.#.# #.#
..################.#.# #.#
..#......#.......#.#.# #.#
..'.............@...>#####.#
.†#÷####...#####s#.........#
..#.# #...#
#.################ ###.#
#...# #................. #.#
#...######################
#.# #.....)...........## ..#
#..##########......# ###
#..# #......# #..+ #......#


You could see a scorpion.

Vanquished Creatures
  An ogre (D:4)
  An orc priest (D:4)
  A hound (D:4)
  A worker ant (D:4)
  2 orc wizards (D:4)
  An adder (D:3)
  A worm (D:2)
  4 dart slugs
  A leopard gecko (D:3)
  3 orcs (D:3)
  5 bats
  7 giant cockroaches
  5 goblins
  10 hobgoblins
  15 jackals
  3 kobolds
  2 quokkas
  A ball python (D:2)
  2 frilled lizards
  12 rats
78 creatures vanquished.

Vanquished Creatures (others)
  Sigmund (D:2)
1 creature vanquished.

Grand Total: 79 creatures vanquished

Notes
Turn   | Place    | Note
-------+----------+-------------------------------------------
     0 | D:1      | HAL9000 the Vine Stalker Assassin began the quest for the
                  | Orb.
     0 | D:1      | Reached XP level 1. HP: 11/11 MP: 2/2
    61 | D:1      | Reached skill level 5 in Stealth
   119 | D:1      | Reached XP level 2. HP: 15/15 MP: 3/3
  1314 | D:2      | Reached XP level 3. HP: 18/18 MP: 4/4
  1317 | D:2      | Noticed Sigmund
  1323 | D:2      | Reached skill level 6 in Stealth
  1357 | D:2      | Killed Sigmund
  1357 | D:2      | Reached skill level 7 in Stealth
  1357 | D:2      | Gained mutation: Your natural rate of healing is unusually
                  | fast. [Vine Stalker growth]
  1357 | D:2      | Reached XP level 4. HP: 23/23 MP: 5/5
  1357 | D:2      | Reached XP level 5. HP: 26/26 MP: 6/6
  1618 | D:2      | Reached skill level 8 in Stealth
  2485 | D:3      | Reached XP level 6. HP: 29/30 MP: 5/7
  3102 | D:4      | Reached skill level 9 in Stealth
  3190 | D:4      | Reached XP level 7. HP: 3/34 MP: 5/8
  3358 | D:4      | Gained mutation: You are weak. (Str -2) [potion of
                  | mutation]
  3358 | D:4      | Lost mutation: You are weak. (Str -2) [potion of mutation]
  3358 | D:4      | Gained mutation: You are frail. (-10% HP) [potion of
                  | mutation]
  3358 | D:4      | Gained mutation: You are agile. (Dex +2) [potion of
                  | mutation]
  3359 | D:4      | HP: 1/30 [poisoned by a scorpion]
  3360 | D:4      | Succumbed to a scorpion's poison

Levels and vault maps discovered:
D:1:      dpeg_arrival_brainrot, layout_basic
D:2:      layout_loops_corners, uniq_sigmund
D:3:      layout_rooms
D:4:      layout_basic, first_ration

Skill      XL: |  1  2  3  4  5  6 |
---------------+-------------------+-----
Stealth        | 5 7 8 9 |  9.3
Short Blades   | 2 3 |  3.6
Fighting       | |  1.7
Throwing       | |  1.7
Dodging        | |  0.7

Action                   |  1- 3 |  4- 6 |  7- 9 || total
-------------------------+-------+-------+-------++-------
Melee: Dagger            |    59 |   202 |    18 ||   279
       Bite              |    10 |    50 |     5 ||    65
 Fire: Blowgun           |     2 |     2 |       ||     4
  Use: Potion            |     1 |     1 |     3 ||     5
 Stab: Sleeping          |     8 |    12 |       ||    20
       Distracted        |       |     1 |       ||     1
  Eat: Chunk             |     1 |     6 |     1 ||     8
Armor: Robe              |    18 |    46 |     4 ||    68
       Skin              |    11 |     1 |       ||    12
Dodge: Dodged            |    38 |    85 |     4 ||   127
Block: Buckler           |       |       |     2 ||     2

Table legend:
 A = Non-vault XP
 B = Vault XP
 C = Vault XP percentage of total XP
 D = Non-vault monster count
 E = Vault monster count
 F = Vault count percentage of total count
                 A         B        C        D         E       F
            +---------+---------+-------+---------+---------+-------
      Total |     453 |     195 |  30.1 |      77 |       2 |   2.5
            +---------+---------+-------+---------+---------+-------
        D:1 |      29 |       2 |   6.5 |      15 |       1 |   6.2
        D:2 |      52 |     193 |  78.8 |      27 |       1 |   3.6
        D:3 |      66 |       0 |   0.0 |      28 |       0 |   0.0
        D:4 |     306 |       0 |   0.0 |       7 |       0 |   0.0
            +---------+---------+-------+---------+---------+-------
